 Dungeon Crawl Stone Soup version 0.29-a0-1006-g0dd7720b37 (webtiles) character file.

Game seed: 7789626565651805334

198 drpainis the Chopper (level 5, 0/47 HPs)
             Began as a Hill Orc Fighter on Aug 6, 2022.
             Was a Follower of Makhleb.
             Succumbed to Eustachio's poison
             ... on level 4 of the Dungeon.
             The game lasted 00:02:17 (2232 turns).

drpainis the Chopper (Hill Orc Fighter)             Turns: 2232, Time: 00:02:18

Health: 0/47       AC:  8    Str: 21    XL:     5   Next: 77%
Magic:  5/5        EV:  9    Int:  8    God:    Makhleb [*.....]
Gold:   54         SH:  4    Dex: 10    Spells: 4/4 levels left

rFire   + . .      SeeInvis .   a - +0 war axe
rCold   + . .      Faith    .   c - +0 buckler
rNeg    . . .      Spirit   .   b - +0 scale mail
rPois   +          Reflect  .   (no helmet)
rElec   +          Harm     .   m - +0 cloak
rCorr   +          Rampage  .   (no gloves)
Will    .....                   (no boots)
Stlth   ..........              (no amulet)
HPRegen 0.15/turn               (no ring)
MPRegen 0.09/turn               (no ring)

@: mighty, lethally poisoned (0 -> -3), resistant
A: no striking features
a: Renounce Religion


You were on level 4 of the Dungeon.
You worshipped Makhleb.
Makhleb was aware of your devotion.
You visited 1 branch of the dungeon, and saw 3 of its levels.

You collected 54 gold pieces.

Inventory:

Hand Weapons
 a - a +0 war axe (weapon)
Missiles
 n - 4 poisoned darts (quivered)
Armour
 b - a +0 scale mail (worn)
 c - a +0 buckler (worn)
 m - a +0 cloak (worn)
Scrolls
 e - a scroll of teleportation {unknown}
 g - a scroll of poison {unknown}
 i - a scroll of brand weapon {unknown}
 j - 2 scrolls of identify {unknown}
 k - a scroll of enchant armour {unknown}
 l - a scroll of silence {unknown}
 p - a scroll of torment {unknown}
Potions
 o - a potion of lignification {unknown}
 q - a potion of heal wounds {unknown}


   Skills:
 + Level 4.5 Fighting
 + Level 4.8 Axes
 + Level 4.3 Armour
 + Level 1.0 Dodging
 + Level 0.4 Stealth
 + Level 4.0 Shields


You had 4 spell levels left.
You didn't know any spells.
Your spell library was empty.

Dungeon Overview and Level Annotations

Branches:
Dungeon (2/15)

Altars:
Makhleb


Message History

You feel better. You block Eustachio's attack.
You have reached level 4!
You slash Eustachio!
Eustachio is severely wounded.
Eustachio mumbles some strange words.
You closely miss Eustachio.
Eustachio is severely wounded.
Eustachio hits you but does no damage.
You are poisoned.
Eustachio gestures wildly while chanting.
Unknown command.
You barely miss Eustachio.
Eustachio is severely wounded.
You hit the iron imp.
* * * LOW HITPOINT WARNING * * *
You feel very sick.
Eustachio hits you with a +2 rapier of venom.
* * * LOW HITPOINT WARNING * * *
The crimson imp lashes its tail.
The iron imp hits you but does no damage.
You slash Eustachio!
You kill Eustachio!
Makhleb accepts your kill.
You feel better.
The rat disappears in a puff of smoke!
The iron imp disappears in a puff of smoke!
The crimson imp disappears in a puff of smoke!
* * * LOW HITPOINT WARNING * * *
You feel sick.
Your Axes skill increases to level 4!
Your Armour skill increases to level 4!
Your Dodging skill increases to level 1!
Your Shields skill increases to level 4!
You have reached level 5!
You feel stronger.
It was a potion of resistance.
You feel protected.
* * * LOW HITPOINT WARNING * * *
You feel sick.
Unknown command.
It was a potion of magic.
Magic courses through your body.
You die...

### ####.# ####....#
#.......#
####..#.#######
##..........#
###..$#.#.....####
#..†##..#...$@...#
##.#.........)†##...#
#..#............#
#....
#..#..........#.# ##.
##.........##...#
###.......###...
##.#.#### ...# !..#
##.. ...


There were no monsters in sight!

Vanquished Creatures
  Eustachio (D:4)
  An iguana (D:4)
  An adder (D:2)
  5 endoplasms
  3 goblins
  5 hobgoblins
  2 kobolds (D:2)
  4 ball pythons
  4 bats
  2 frilled lizards (D:1)
  4 rats
32 creatures vanquished.

Notes
Turn   | Place    | Note
-------+----------+-------------------------------------------
     0 | D:1      | drpainis the Hill Orc Fighter began the quest for the Orb.
     0 | D:1      | Reached XP level 1. HP: 19/19 MP: 1/1
    78 | D:1      | Found a faded altar of an unknown god.
   100 | D:1      | Prayed at the altar of an unknown god.
   100 | D:1      | Became a worshipper of Makhleb the Destroyer
   100 | D:1      | Reached * piety under Makhleb
   403 | D:1      | Reached XP level 2. HP: 27/27 MP: 2/2
  1303 | D:2      | Reached XP level 3. HP: 28/33 MP: 3/3
  2198 | D:2      | You fall into a shaft and drop 2 floors!
  2215 | D:4      | Noticed Eustachio
  2227 | D:4      | Reached XP level 4. HP: 10/40 MP: 4/4
  2229 | D:4      | HP: 2/40 [Eustachio/+2 rapier of venom (6)]
  2230 | D:4      | Killed Eustachio
  2231 | D:4      | Reached skill level 1 in Dodging
  2231 | D:4      | Reached XP level 5. HP: 2/47 MP: 5/5
  2232 | D:4      | Succumbed to Eustachio's poison

Illustrated notes

Levels and vault maps discovered:
D:1:      dpeg_arrival_solitude, layout_loops_corners,
          hellmonk_ecumenical_altar_heavens_door, dreamdust_princess_bridge,
          nicolae_titane
D:2:      layout_loops_ring, grunt_ministairs_1, st_stairs_8, minmay_hexomino_c4
D:4:      layout_rooms, trog_wizard, minmay_temple_entry_hall, uniq_eustachio,
          uniq_menkaure, uniq_grinder

Skill      XL: |  1  2  3  4 |
---------------+-------------+-----
Axes           | 3 4 |  4.8
Fighting       | 4 |  4.5
Armour         | 4 |  4.3
Dodging        | 1 |  1.0
Shields        | 4 |  4.0
Stealth        | |  0.4

Action                   |  1- 3 |  4- 6 || total
-------------------------+-------+-------++-------
Melee: War axe           |    96 |     4 ||   100
  Use: Potion            |     1 |     2 ||     3
Armor: Scale mail        |    80 |     2 ||    82
Dodge: Dodged            |    69 |       ||    69
Block: Buckler           |    34 |       ||    34

Table legend: (Time is in decaauts)
 A = Elapsed time spent in this place.
 B = Non-inter-level travel time spent in this place.
 C = Inter-level travel time spent in this place.
 D = Time resting spent in this place.
 E = Time spent auto-exploring this place.
 F = Levels seen in this place.
 G = Mean time per level.
                   A        B        C        D        E       F      G
               +--------+--------+--------+--------+--------+-----+--------+
         Total |   2271 |   2160 |    111 |    205 |   1591 |   3 |  757.0 |
       Dungeon |   2271 |   2160 |    111 |    205 |   1591 |   3 |  757.0 |
               +--------+--------+--------+--------+--------+-----+--------+

Top non-repeatable levels by time:
     D:1: 1242 daAuts
     D:2: 989 daAuts
     D:4: 38 daAuts
